 Dungeon Crawl Stone Soup version 0.20.0-10-g0535bb4 (webtiles) character file.

20398 Jannitor the Covert (level 13, -14/85 HPs)
             Began as a Kobold Berserker on June 7, 2017.
             Was an Elder of Trog.
             Demolished by a spiny frog (19 damage)
             ... on level 3 of the Lair of Beasts.
             The game lasted 00:34:10 (13276 turns).

Jannitor the Covert (Kobold Berserker)             Turns: 13276, Time: 00:34:11

Health: -14/85     AC:  8    Str: 19    XL:     13   Next: 12%
Magic:  13/13      EV: 30    Int:  9    God:    Trog [****..]
Gold:   784        SH:  0    Dex: 14    Spells: 12/12 levels left

rFire    + . .     SeeInvis .   b - +3 dagger (venom)
rCold    . . .     Gourm    .   (shield restricted)
rNeg     . . .     Faith    .   j - +1 leather armour {rF+}
rPois    .         Spirit   .   g - +0 helmet
rElec    .         Reflect  .   z - +1 cloak
rCorr    .         Harm     .   (no gloves)
MR       ++...                  (no boots)
Stlth    +++++.....             M - amulet of regeneration
Regen    1.7/turn               e - +4 ring of evasion
MPRegen  0.2/turn               O - +5 ring of evasion

@: regenerating
A: hooves 1, carnivore 3, clumsy 1, strong 1
a: Berserk, Trog's Hand, Brothers in Arms, Burn Spellbooks, Renounce Religion


You were on level 3 of the Lair of Beasts.
You worshipped Trog.
Trog was greatly pleased with you.
You were very full.

You visited 3 branches of the dungeon, and saw 14 of its levels.
You also visited: Labyrinth and Volcano.

You collected 784 gold pieces.

Inventory:

Hand Weapons
 a - a +1 arbalest of flaming
 b - a +3 dagger of venom (weapon)
 n - a +0 dagger of flaming
Missiles
 p - 54 bolts
 r - 3 throwing nets (quivered)
Armour
 g - a +0 helmet (worn)
 j - a +1 leather armour of fire resistance (worn)
 k - a +0 ring mail
 q - a +1 robe of cold resistance
 z - a +1 cloak (worn)
 U - the +0 robe of the Sun {MR++}
   (You found it on level 9 of the Dungeon)

   It affects your resistance to hostile enchantments.
Jewellery
 e - a +4 ring of evasion (left hand)
 f - a +3 ring of dexterity
 i - an uncursed ring of resist corrosion
 o - a +1 ring of protection
 M - an amulet of regeneration (around neck)
 O - a +5 ring of evasion (right hand)
 T - an uncursed ring of fire {unknown}
Wands
 u - a wand of digging (8/24)
 G - a wand of acid (15/15)
 I - a wand of disintegration (14/24)
 J - a wand of paralysis (12/24)
 N - a wand of acid (10/15)
 Q - a wand of enslavement (7/24)
 X - a wand of iceblast (10/15)
 Y - a wand of polymorph (14/24)
Scrolls
 h - a scroll of enchant weapon
 l - a scroll of fog
 m - 11 scrolls of identify
 w - 3 scrolls of immolation
 y - 3 scrolls of teleportation
 E - a scroll of brand weapon {unknown}
 L - a scroll of fear
Potions
 d - 4 potions of haste
 s - 2 potions of heal wounds {unknown}
 t - 3 potions of degeneration {unknown}
 v - a potion of curing
 x - 2 potions of cancellation {unknown}
 A - 2 potions of resistance {unknown}
 B - 2 potions of ambrosia {unknown}
 C - 2 potions of brilliance
 D - a potion of mutation {unknown}
 K - a potion of might
 P - 3 potions of agility
 V - a potion of flight {unknown}
Books
 H - a book of Callings

   Spells                             Type                      Level
   a - Summon Small Mammal            Summoning                    1
   b - Call Imp                       Summoning                    2
   c - Call Canine Familiar           Summoning                    3
   d - Summon Guardian Golem          Hexes/Summoning              3
   e - Summon Lightning Spire         Summoning/Air                4
   f - Summon Ice Beast               Ice/Summoning                4
   Trog disapproves of the use of such an item.
 R - a book of Conjurations

   Spells                             Type                      Level
   a - Magic Dart                     Conjuration                  1
   b - Searing Ray                    Conjuration                  2
   c - Dazzling Spray                 Conjuration/Hexes            3
   d - Fulminant Prism                Conjuration/Hexes            4
   e - Force Lance                    Conjuration/Translocation    4
   f - Iskenderun's Mystic Blast      Conjuration                  4
   Trog disapproves of the use of such an item.
 S - a book of Conjurations

   Spells                             Type                      Level
   a - Magic Dart                     Conjuration                  1
   b - Searing Ray                    Conjuration                  2
   c - Dazzling Spray                 Conjuration/Hexes            3
   d - Fulminant Prism                Conjuration/Hexes            4
   e - Force Lance                    Conjuration/Translocation    4
   f - Iskenderun's Mystic Blast      Conjuration                  4
   Trog disapproves of the use of such an item.
 W - a book of Conjurations

   Spells                             Type                      Level
   a - Magic Dart                     Conjuration                  1
   b - Searing Ray                    Conjuration                  2
   c - Dazzling Spray                 Conjuration/Hexes            3
   d - Fulminant Prism                Conjuration/Hexes            4
   e - Force Lance                    Conjuration/Translocation    4
   f - Iskenderun's Mystic Blast      Conjuration                  4
   Trog disapproves of the use of such an item.
Comestibles
 c - 11 meat rations
 F - 6 royal jellies


   Skills:
 + Level 11.8 Fighting
 - Level 10.5 Short Blades
 + Level 2.7 Crossbows
 + Level 8.4 Armour
 + Level 10.0 Dodging
 + Level 14.0 Stealth


You had 12 spell levels left.
You didn't know any spells.

Dungeon Overview and Level Annotations

Branches:
Dungeon (10/15)            Temple (1/1) D:7            Lair (3/6) D:10
  Snake (0/4) Lair:2
  Swamp: Lair:2-4    Shoals: Lair:2-4       Orc: D:9-12

Altars:
Ashenzari
Cheibriados
Dithmenos
Elyvilon
Fedhas
Gozag
Hepliaklqana
Kikubaaqudgha
Makhleb
Nemelex Xobeh
Okawaru
Qazlal
Ru
Sif Muna
Trog
Uskayaw
Vehumet
Xom
Yredelemnul
Zin
The Shining One


Innate Abilities, Weirdness & Mutations

You are small and have problems with some larger weapons.
You are carnivorous and can eat meat at any time.
You have large cloven feet.
You are clumsy. (Dex -2)
Your muscles are strong. (Str +2)


Message History

You feel sick. The black mamba completely misses you.
You see here a water moccasin corpse.
You feel sick. The black mamba bites you!
* * * LOW HITPOINT WARNING * * *
You are lethally poisoned!
The black mamba poisons you!
You feel better. The black mamba completely misses you.
The spiny frog completely misses you.
Okay, then.
Unknown command.
Unknown command.
Unknown command.
Unknown command.
Okay, then.
Unknown command.
You feel better. The black mamba completely misses you.
The black mamba bites you!
* * * LOW HITPOINT WARNING * * *
The spiny frog stings you!!
You die...

...###.##♣♣♣♣..######..♣♣♣...####
..........♣ ♣.... ...♣ ♣...####
..........♣ ♣.... ...♣ ♣.......
..........♣♣ ♣♣♣♣♣ ♣♣♣♣♣♣.......
...........♣♣ ♣♣♣ ♣♣♣ ♣♣.......#
............♣♣♣.♣♣♣.♣♣♣♣....P⌠P.+
.###....##......#♣...##.........#
.#.....+##.....##F.P.##.....#####
........##.[...'@S...##.....#
..#.....#P......#.....+.....#
.##............P#...........#
.#....>.#......+.....#......#
..#.....##.....##.>............
.####..###.....###.##.#........
...#####.#.....#.###.#.........
..................... .......##
.............÷†...... .......#


You could see a black mamba and a spiny frog.

Vanquished Creatures
  Rupert (Lair:3)
  A red draconian (Volcano)
  A minotaur (Lab)
  2 hydras (Lair:1)
  Harold (Lair:1)
  Fannar (Lair:1)
  A centaur warrior (Volcano)
  A two-headed ogre (D:10)
  A wizard (D:6)
  An ugly thing (D:10)
  A spiny frog (Lair:1)
  Psyche (D:9)
  3 komodo dragons
  A yaktaur (Volcano)
  A rime drake (Lair:1)
  A troll (D:10)
  A polar bear (Lair:2)
  A hornet (D:8)
  2 hippogriffs (D:10)
  2 redbacks (Lab)
  4 fire bats (Volcano)
  A basilisk (Lair:2)
  Eustachio (D:4)
  5 yaks
  3 hogs (D:8)
  A human (D:8)
  Grum (D:8)
  3 porcupines
  Duvessa (D:4)
  16 water moccasins
  2 ice beasts (D:8)
  A sky beast (D:6)
  3 ogres (D:8)
  3 phantoms
  6 centaurs
  9 wolves
  7 crocodiles
  7 bullfrogs
  Dowan (D:4)
  2 scorpions
  3 killer bees (D:8)
  A troll skeleton (Lab)
  2 electric eels (Lair:1)
  3 howler monkeys
  6 lava snakes (Volcano)
  6 crimson imps
  A bullfrog zombie (D:10)
  An orc priest (D:3)
  7 hounds
  4 orc wizards
  4 centaur skeletons
  An iron imp (D:5)
  4 iguanas
  Natasha (thrice) (D:3)
  2 worker ants
  A killer bee zombie (D:3)
  A hound zombie (D:8)
  Robin (D:2)
  A worker ant zombie (D:10)
  3 gnolls (D:10)
  10 adders
  A shadow imp (D:8)
  4 oozes
  2 adder zombies
  4 worms
  A dart slug (D:1)
  7 leopard geckos
  12 orcs
  9 giant cockroaches
  13 goblins
  12 hobgoblins
  11 jackals
  8 quokkas
  2 ball pythons
  A ball python skeleton (D:4)
  3 bats
  5 frilled lizards
  A jackal skeleton (D:6)
  10 kobolds
  8 rats
281 creatures vanquished.

Vanquished Creatures (others)
  The ghost of Gottschkopf the Magician, an amateur KoWz (D:3)
  An orc wizard (D:4)
  A frilled lizard (D:2)
  A fungus (Lair:1)
  2 plants
6 creatures vanquished.

Grand Total: 287 creatures vanquished

Notes
Turn   | Place    | Note
-------+----------+-------------------------------------------
     0 | D:1      | Jannitor the Kobold Berserker began the quest for the Orb.
     0 | D:1      | Reached XP level 1. HP: 14/14 MP: 1/1
   159 | D:1      | Reached skill level 1 in Stealth
   159 | D:1      | Reached XP level 2. HP: 11/19 MP: 2/2
   564 | D:1      | Reached skill level 2 in Stealth
   727 | D:1      | Reached XP level 3. HP: 23/23 MP: 3/3
  1086 | D:2      | Reached XP level 4. HP: 29/29 MP: 4/4
  1094 | D:2      | Noticed Robin
  1106 | D:2      | Reached ** piety under Trog
  1111 | D:2      | Killed Robin
  1193 | D:2      | Found a radiant altar of Vehumet.
  1774 | D:2      | Reached skill level 3 in Stealth
  2006 | D:3      | Reached XP level 5. HP: 33/33 MP: 5/5
  2028 | D:3      | Reached skill level 5 in Short Blades
  2180 | D:3      | Found a burning altar of Makhleb.
  2241 | D:3      | Reached XP level 6. HP: 38/39 MP: 6/6
  2284 | D:3      | Noticed Natasha
  2292 | D:3      | Found an ancient bone altar of Kikubaaqudgha.
  2298 | D:3      | Killed Natasha
  2298 | D:3      | Reached skill level 4 in Stealth
  2415 | D:3      | Noticed Gottschkopf's ghost (amateur KoWz)
  2434 | D:3      | Noticed Natasha
  2443 | D:3      | Killed Gottschkopf's ghost
  2459 | D:3      | Killed Natasha
  2510 | D:3      | Noticed Natasha
  2522 | D:3      | Killed Natasha
  2522 | D:3      | Reached XP level 7. HP: 44/44 MP: 7/7
  2904 | D:4      | Noticed Eustachio
  2923 | D:4      | Killed Eustachio
  2923 | D:4      | Reached skill level 5 in Fighting
  2923 | D:4      | Reached skill level 5 in Stealth
  2959 | D:4      | HP: 2/44 [poisoned by an orc wizard]
  3177 | D:4      | Reached *** piety under Trog
  3355 | D:4      | Reached XP level 8. HP: 34/50 MP: 8/8
  3503 | D:4      | Noticed Dowan
  3507 | D:4      | Noticed Duvessa
  3519 | D:4      | Killed Duvessa
  3519 | D:4      | Reached skill level 6 in Stealth
  3519 | D:4      | Killed Dowan
  3581 | D:4      | Found a hide-covered altar of Uskayaw.
  3581 | D:4      | Found a faded altar of an unknown god.
  3595 | D:4      | Found a white marble altar of Elyvilon.
  3597 | D:4      | Found a glowing silver altar of Zin.
  3599 | D:4      | Found a sparkling altar of Nemelex Xobeh.
  3811 | D:5      | Entered Level 5 of the Dungeon
  4462 | D:5      | Reached skill level 7 in Stealth
  4522 | D:5      | Found a snail-covered altar of Cheibriados.
  4641 | D:6      | Reached XP level 9. HP: 51/56 MP: 9/9
  4650 | D:6      | Gained mutation: You are clumsy. (Dex -2) [mutagenic meat]
  4651 | D:6      | Gained mutation: Your muscles are strong. (Str +2) [mutagenic meat]
  4652 | D:6      | Gained mutation: You have large cloven feet. [mutagenic meat]
  4767 | D:6      | Reached **** piety under Trog
  4971 | D:6      | Found a bloodstained altar of Trog.
  4972 | D:6      | Noticed a wizard
  4982 | D:6      | Killed a wizard
  5074 | D:6      | You fall through a shaft for 2 floors!
  5099 | D:8      | Reached skill level 5 in Armour
  5099 | D:8      | Reached skill level 8 in Stealth
  5171 | D:8      | Noticed a hornet
  5182 | D:8      | Killed a hornet
  5182 | D:8      | Reached skill level 9 in Stealth
  5205 | D:8      | Reached XP level 10. HP: 64/64 MP: 10/10
  5362 | D:7      | Found a staircase to the Ecumenical Temple.
  5372 | Temple   | Entered the Ecumenical Temple
  5867 | D:7      | Received a gift from Trog
  6564 | D:8      | Reached skill level 10 in Short Blades
  7124 | D:9      | Noticed Grum
  7457 | D:8      | Killed Grum
  7507 | D:9      | Reached skill level 10 in Stealth
  7508 | D:9      | Noticed Psyche
  7523 | D:9      | Killed Psyche
  7764 | D:9      | Got a crude robe
  7805 | D:9      | Identified the +0 robe of the Sun {MR++} (You found it on level 9 of the Dungeon)
  7905 | D:10     | Entered Level 10 of the Dungeon
  8104 | D:9      | Reached skill level 5 in Dodging
  8176 | D:10     | Reached XP level 11. HP: 64/71 MP: 11/11
  8280 | D:10     | Noticed a two-headed ogre
  8294 | D:10     | Killed a two-headed ogre
  8294 | D:10     | Reached skill level 11 in Stealth
  8498 | D:10     | Noticed a green ugly thing
  8514 | D:10     | Killed a green ugly thing
  8817 | D:10     | Found a staircase to the Lair.
  8960 | Lair:1   | Entered Level 1 of the Lair of Beasts
  9039 | Lair:1   | Noticed a four-headed hydra
  9050 | Lair:1   | Reached skill level 10 in Fighting
  9052 | Lair:1   | Found a labyrinth entrance.
  9065 | Lair:1   | Killed a four-headed hydra
  9073 | Lair:1   | Reached skill level 12 in Stealth
  9091 | Lab      | Entered a labyrinth
  9711 | Lab      | Noticed a minotaur
  9723 | Lab      | Killed a minotaur
 10093 | Lair:1   | Found a burning altar of Makhleb.
 10198 | Lair:1   | Noticed Harold
 10214 | Lair:1   | Killed Harold
 10319 | Lair:1   | Noticed a five-headed hydra
 10329 | Lair:1   | Noticed Fannar
 10338 | Lair:1   | Killed a five-headed hydra
 10338 | Lair:1   | Reached XP level 12. HP: 76/79 MP: 12/12
 10355 | Lair:1   | Killed Fannar
 11201 | Lair:2   | Reached skill level 13 in Stealth
 11252 | Lair:2   | Found a staircase to the Snake Pit.
 11601 | Lair:2   | Found a dark tunnel.
 11610 | Volcano  | Entered a volcano
 11786 | Volcano  | Noticed a centaur warrior
 11828 | Volcano  | Noticed a red draconian
 11852 | Volcano  | Killed a red draconian
 11929 | Volcano  | Killed a centaur warrior
 12042 | Volcano  | Found a bloodstained altar of Trog.
 12819 | Lair:3   | Noticed Rupert
 12840 | Lair:3   | Killed Rupert
 12840 | Lair:3   | Reached skill level 14 in Stealth
 12840 | Lair:3   | Reached XP level 13. HP: 85/85 MP: 13/13
 13026 | Lair:3   | Reached skill level 10 in Dodging
 13250 | Lair:3   | Noticed a five-headed hydra
 13274 | Lair:3   | HP: 2/85 [black mamba (13)]
 13276 | Lair:3   | Demolished by a spiny frog

Skill      XL: |  1  2  3  4  5  6  7  8  9 10 11 12 13 |
---------------+----------------------------------------+-----
Stealth        | 1 2 3 4 5 7 9 10 12 14 | 14.0
Armour         | 2 3 4 5 6 7 8 |  8.4
Fighting       | 4 5 6 7 9 10 11 | 11.8
Short Blades   | 5 6 7 9 10 | 10.5
Dodging        | 5 8 9 10 | 10.0
Crossbows      | 2 |  2.7

Action                   |  1- 3 |  4- 6 |  7- 9 | 10-12 | 13-15 || total
-------------------------+-------+-------+-------+-------+-------++-------
Melee: Short sword       |   100 |     2 |       |       |       ||   102
       Dagger            |       |   194 |   340 |   947 |    48 ||  1529
       Kick              |       |       |    23 |   396 |    16 ||   435
Invok: Berserk           |       |     8 |     4 |    11 |       ||    23
       Trog's Hand       |       |     1 |     3 |     6 |     1 ||    11
Evoke: Wand              |       |       |     1 |       |       ||     1
  Use: Potion            |       |       |     4 |     1 |     2 ||     7
       Scroll            |       |       |       |    18 |       ||    18
 Stab: Sleeping          |     4 |     1 |    13 |    19 |     1 ||    38
       Confused          |       |     1 |       |       |       ||     1
       Distracted        |       |       |       |     1 |       ||     1
  Eat: Chunk             |     9 |    11 |    19 |    35 |     2 ||    76
Armor: Ring mail         |     6 |    25 |    50 |    75 |       ||   156
       Animal skin       |     1 |       |       |       |       ||     1
       Leather armour    |       |       |       |     2 |     2 ||     4
Dodge: Dodged            |    64 |   140 |   179 |   634 |    48 ||  1065
